 Dungeon Crawl Stone Soup version bcrawl-1.32 (webtiles) character file.

Game seed: 13182732156678615417

312903 christianvn the Peltast (level 11, -11/97 HPs)
             Began as a Minotaur Berserker on July 20, 2021.
             Was a Priest of Trog.
             Mangled by a blink frog (15 damage)
             ... on level 3 of the Lair of Beasts.
             The game lasted 01:15:18 (12330 turns).

christianvn the Peltast (Minotaur Berserker)       Turns: 12330, Time: 01:15:19

Health: -11/97     AC: 11    Str: 26    XL:     11   Next: 41%
Magic:  13/13      EV:  3    Int:  4    God:    Trog [***...]
Gold:   555        SH: 22    Dex: 11    Spells: 10/10 levels left

rFire    . . .     SeeInvis .   b - +3 hand axe
rCold    . . .     Gourm    .   x - +1 large shield
rNeg     . . .     Faith    .   t - +0 plate armour
rPois    .         Spirit   .   (helmet restricted)
rElec    +         Reflect  .   n - +0 cloak
rCorr    .         Harm     .   (no gloves)
MR       .....                  G - +0 pair of boots
Stlth    ..........             (no amulet)
HPRegen  0.26/turn              y - ring of the Ageless Wonders {+Fly Stlth+}
MPRegen  0.13/turn              A - ring of insulation

@: lethally poisoned (-11 -> -16)
A: retaliatory headbutt, horns 2, molten scales 1, agile 1, deformed body,
subdued magic 1
a: Berserk, Trog's Hand, Renounce Religion, Evoke Flight


You were on level 3 of the Lair of Beasts.
You worshipped Trog.
Trog was most pleased with you.
You were hungry.

You visited 2 branches of the dungeon, and saw 10 of its levels.
You also visited: Sewer.

You collected 782 gold pieces.
You spent 227 gold pieces at shops.

Inventory:

Hand Weapons
 a - a -1 fustibalus
 b - a +3 hand axe (weapon)
 i - a +1 short sword of venom
 z - a +0 hand crossbow
 F - a +2 whip of flaming
Missiles
 p - 35 curare-tipped needles
 w - 387 poisoned needles
 H - 1400 sling bullets
Armour
 n - a +0 cloak (worn)
 t - a +0 plate armour (worn)
 x - a +1 large shield (worn)
 G - a +0 pair of boots (worn)
 J - a +2 leather armour of magic resistance
 K - a cursed +0 pair of gloves
Jewellery
 c - an uncursed ring of magical power
 o - a +3 ring of evasion {unknown}
 y - the ring of the Ageless Wonders (left hand) {+Fly Stlth+}
   (You found it on level 4 of the Dungeon)

   [ring of flight]

   It lets you fly.
   It makes you more stealthy.
 A - a ring of insulation (right hand)
 N - the cursed ring "Wivos" {rN+ Stlth--, unknown}
   (You found it on level 2 of the Lair of Beasts)

   [ring of attention]

   It protects you from negative energy.
   It makes you much less stealthy.
   It has a curse placed upon it.
Wands
 d - a wand of iceblast (5)
 u - a wand of random effects (4)
 C - a wand of paralysis (17)
 I - a wand of flame (26)
 P - a wand of digging (9)
Scrolls
 h - 5 scrolls of teleportation
 k - a scroll of blinking
 l - 3 scrolls of magic mapping {unknown}
 r - a scroll of immolation
 v - a scroll of amnesia {unknown}
 D - 3 scrolls of remove curse
 E - 2 scrolls of brand weapon {unknown}
Potions
 g - a potion of invisibility
 j - 2 potions of flight
 m - a potion of agility
 q - 2 potions of might
 s - 4 potions of curing
 B - a potion of mutation
 L - a potion of lignification {unknown}
 M - a potion of heal wounds {unknown}
 O - a potion of brilliance
Miscellaneous
 f - a sack of spiders (inert)
Comestibles
 e - 15 rations {!d}


   Skills:
 + Level 9.0 Fighting
 - Level 3.9 Axes
 - Level 4.7 Armour
 - Level 4.2 Dodging
 * Level 16.7 Shields
 - Level 5.0 Evocations


You had 10 spell levels left.
You didn't know any spells.
Your spell library was empty.

Dungeon Overview and Level Annotations

Branches:
Dungeon (7/12)             Temple (0/1) D:4            Lair (3/6) D:7
 Spider (0/3) Lair:2
  Swamp: Lair:2-4    Shoals: Lair:2-4

Altars:
Cheibriados
Dithmenos
Elyvilon
Fedhas
Lugonu
Makhleb
Ru
Vehumet
Xom
Yredelemnul
Zin

Shops:
D:7 *

Annotations:
D:7 1 transporter
Lair:2 exclusions: oklob plant and 1 more exclusion


Innate Abilities, Weirdness & Mutations

You reflexively headbutt those who attack you in melee.
You have a pair of horns on your head.
You are partially covered in molten scales. (AC +2)
You are agile. (Dex +2)
Armour fits poorly on your strangely shaped body.
Your spells are a little easier to cast, but a little less powerful.


Message History

You block the worker ant's attack.
The blink frog blinks!
You block the blink frog's attack.
You hit the blink frog. Your headbutt misses the blink frog.
The blink frog is moderately wounded.
Your shield and plate armour prevent you from hitting the blink frog.
You hit the worker ant but do no damage.
You feel sick.
The blink frog hits you but does no damage.
You block the worker ant's attack. You block the blink frog's attack. x2
The blink frog blinks!
You hit the blink frog.
The blink frog is heavily wounded.
Your shield and plate armour prevent you from hitting the worker ant.
You closely miss the blink frog.
You feel sick.
The blink frog blinks!
You block the worker ant's attack. The blink frog hits you!
* * * LOW HITPOINT WARNING * * *
You block the blink frog's attack.
The worker ant bites you but does no damage.
You block the blink frog's attack. The blink frog hits you!
You die...

...... ...... ......#
#....F### #......#######..
#.....a.........#
#...............#
##........+##....##
#..........@F§#.....
.....#...FaF.........
..................... ....
..............#......
............................
#.P..........................
..............###.##.........
..#..........................
..P..........................


You could see 4 blink frogs, a soldier ant and a worker ant.

Vanquished Creatures
  A hydra (Lair:1)
  Pikel (D:6)
  An elephant (D:7)
  A black mamba (Lair:2)
  Joseph (D:7)
  3 cane toads
  2 komodo dragons (Lair:2)
  A troll (D:6)
  A jumping spider (Lair:2)
  A spriggan (D:7)
  13 yaks
  A basilisk (D:7)
  3 crocodiles
  8 water moccasins
  Duvessa (D:7)
  2 porcupines
  2 ice beasts
  3 phantoms (D:5)
  A sky beast (D:6)
  An ogre (D:5)
  A necrophage (D:7)
  4 wolves (Lair:1)
  6 big kobolds (Sewer)
  4 bullfrogs
  Dowan (D:7)
  3 scorpions
  4 killer bees (D:6)
  4 wights (D:6)
  A bullfrog zombie (D:7)
  3 crimson imps
  A centaur zombie (D:5)
  2 hounds
  3 jellies
  3 orc priests
  A centaur skeleton (D:5)
  4 orc wizards
  Natasha (thrice) (D:4)
  An iguana (D:5)
  6 worker ants
  A killer bee zombie (D:7)
  A howler monkey zombie (D:5)
  4 gnolls (D:3)
  13 adders
  5 river rats
  A shadow imp (D:7)
  4 oozes
  An adder zombie (D:7)
  4 worms
  3 adder skeletons
  3 dart slugs
  2 leopard geckos
  11 orcs
  5 giant cockroaches
  6 goblins
  4 hobgoblins
  4 jackals
  A quokka (D:3)
  8 ball pythons
  5 bats
  2 frilled lizards
  7 kobolds
  A quokka zombie (D:6)
  5 rats
204 creatures vanquished.

Vanquished Creatures (others)
  A slave (D:6)
  An adder (D:6)
  5 fungi
  A plant (Lair:1)
8 creatures vanquished.

Grand Total: 212 creatures vanquished

Notes
Turn   | Place    | Note
-------+----------+-------------------------------------------
     0 | D:1      | christianvn the Minotaur Berserker began the quest for the
                  | Orb.
     0 | D:1      | Reached XP level 1. HP: 19/19 MP: 0/0
   230 | D:1      | Reached XP level 2. HP: 26/27 MP: 1/1
  1150 | D:2      | Reached ** piety under Trog
  1155 | D:2      | Reached XP level 3. HP: 34/34 MP: 2/2
  1827 | D:3      | Found a transporter.
  1836 | D:3      | Found a transporter.
  1845 | D:3      | Found a basalt altar of Yredelemnul.
  1946 | D:3      | Reached XP level 4. HP: 41/41 MP: 3/3
  2042 | D:3      | Reached skill level 5 in Fighting
  2050 | D:3      | Reached XP level 5. HP: 33/48 MP: 4/4
  2429 | D:3      | Found a faded altar of an unknown god.
  2592 | D:3      | Reached XP level 6. HP: 57/57 MP: 5/5
  2756 | D:4      | Found a staircase to the Ecumenical Temple.
  2768 | D:4      | Reached skill level 1 in Shields
  2907 | D:4      | Reached skill level 2 in Shields
  3001 | D:4      | Reached skill level 3 in Shields
  3264 | D:4      | Noticed Natasha
  3288 | D:4      | Reached skill level 4 in Shields
  3292 | D:4      | Reached XP level 7. HP: 48/62 MP: 6/6
  3309 | D:4      | Killed Natasha
  3318 | D:4      | Reached skill level 5 in Shields
  3356 | D:4      | Got a vibrating tin ring
  3396 | D:4      | Identified the ring of the Ageless Wonders {+Fly Stlth+}
                  | (You found it on level 4 of the Dungeon)
  3409 | D:4      | Found a blossoming altar of Fedhas.
  3490 | D:5      | Entered Level 5 of the Dungeon
  3722 | D:5      | Reached skill level 6 in Shields
  3745 | D:5      | Reached skill level 7 in Shields
  3774 | D:5      | Found a shadowy altar of Dithmenos.
  3897 | D:5      | Found a glowing drain.
  3976 | Sewer    | Entered a sewer
  4003 | Sewer    | Reached *** piety under Trog
  4091 | Sewer    | Reached skill level 8 in Shields
  4091 | Sewer    | Reached XP level 8. HP: 70/70 MP: 7/7
  4431 | Sewer    | Reached skill level 9 in Shields
  4614 | Sewer    | Reached skill level 10 in Shields
  5340 | D:5      | Reached skill level 11 in Shields
  5593 | D:6      | Noticed Pikel
  5616 | D:6      | Killed Pikel
  5617 | D:6      | Reached XP level 9. HP: 55/75 MP: 7/9
  5901 | D:6      | Found a sacrificial altar of Ru.
  5980 | D:6      | Reached skill level 12 in Shields
  6737 | D:6      | Found a burning altar of Makhleb.
  6788 | D:7      | Noticed Duvessa
  6799 | D:7      | Killed Duvessa
  6835 | D:7      | Noticed Dowan
  6876 | D:7      | Found a transporter.
  6894 | D:7      | Found a transporter.
  6916 | D:7      | Reached **** piety under Trog
  6942 | D:7      | Reached skill level 13 in Shields
  6970 | D:7      | Noticed Joseph
  7091 | D:7      | Found a white marble altar of Elyvilon.
  7120 | D:7      | Noticed a kobold demonologist
  7122 | D:7      | Noticed a kobold demonologist
  7142 | D:7      | Found a radiant altar of Vehumet.
  7162 | D:7      | Killed Joseph
  7163 | D:7      | Reached XP level 10. HP: 83/83 MP: 12/12
  7952 | D:7      | Found Zoedghug's General Store.
  7960 | D:7      | Bought a wand of iceblast (9) for 195 gold pieces
  7984 | D:7      | Found a bloodstained altar of Trog.
  8003 | D:7      | Found a snail-covered altar of Cheibriados.
  8003 | D:7      | Found a shimmering altar of Xom.
  8005 | D:7      | Found a white marble altar of Elyvilon.
  8005 | D:7      | Found a burning altar of Makhleb.
  8005 | D:7      | Found a radiant altar of Vehumet.
  8184 | D:7      | Found a snail-covered altar of Cheibriados.
  8185 | D:7      | Found a corrupted altar of Lugonu.
  8185 | D:7      | Found a glowing silver altar of Zin.
  8220 | D:7      | Found a staircase to the Lair.
  8220 | D:7      | Noticed an elephant
  8240 | D:7      | Reached skill level 14 in Shields
  8240 | D:7      | Reached skill level 5 in Evocations
  8320 | D:7      | Killed an elephant
  8323 | D:7      | Killed Dowan
  8610 | Lair:1   | Entered Level 1 of the Lair of Beasts
  8810 | Lair:1   | Noticed a cane toad
  8819 | Lair:1   | Killed a cane toad
  9007 | Lair:1   | Reached skill level 15 in Shields
  9245 | Lair:1   | Gained mutation: Your spells are a little easier to cast,
                  | but a little less powerful. [potion of mutation]
  9245 | Lair:1   | Gained mutation: You are agile. (Dex +2) [potion of
                  | mutation]
  9245 | Lair:1   | Gained mutation: Armour fits poorly on your strangely
                  | shaped body. [potion of mutation]
  9245 | Lair:1   | Gained mutation: You are partially covered in molten
                  | scales. (AC +2) [potion of mutation]
  9455 | Lair:1   | Reached XP level 11. HP: 65/93 MP: 13/13
  9677 | Lair:1   | Noticed an eight-headed hydra
  9684 | Lair:1   | Killed an eight-headed hydra
  9685 | Lair:1   | Reached skill level 16 in Shields
 10185 | Lair:2   | Found a hole to the Spider Nest.
 11091 | D:4      | Noticed Natasha
 11107 | D:4      | Killed Natasha
 11121 | D:4      | Noticed Natasha
 11127 | D:4      | Killed Natasha
 11214 | D:7      | Bought a potion of curing for 32 gold pieces
 11323 | Lair:2   | Noticed an oklob plant
 11588 | Lair:2   | Got a steaming platinum ring
 12330 | Lair:3   | HP: 4/97 [blink frog (15)]
 12330 | Lair:3   | Mangled by a blink frog

Skill      XL: |  1  2  3  4  5  6  7  8  9 10 11 |
---------------+----------------------------------+-----
Fighting       | 4 5 7 9 |  9.0
Armour         | 3 4 |  4.7
Dodging        | 3 4 |  4.2
Shields        | 4 8 11 13 15 16 | 16.7
Evocations     | 2 4 5 |  5.0
Axes           | |  3.9

Action                   |  1- 3 |  4- 6 |  7- 9 | 10-12 || total
-------------------------+-------+-------+-------+-------++-------
Melee: Hand axe          |    20 |       |    88 |   392 ||   500
       Dagger            |    49 |   126 |   410 |       ||   585
       Headbutt          |    13 |    21 |   108 |    88 ||   230
       Whip              |       |       |    63 |       ||    63
 Fire: Hand crossbow     |       |       |     6 |       ||     6
       Fustibalus        |       |       |       |    51 ||    51
Throw: Stone             |    41 |    13 |    97 |       ||   151
Invok: Trog's Hand       |       |     5 |     4 |     6 ||    15
       Berserk           |       |     1 |     2 |     4 ||     7
Evoke: Wand              |       |       |       |     7 ||     7
       Sack of spiders   |       |       |       |     1 ||     1
  Use: Scroll            |     2 |     4 |    11 |     4 ||    21
       Potion            |       |       |       |     6 ||     6
  Eat: Chunk             |     6 |    10 |    16 |    22 ||    54
       Ration            |       |       |     6 |     4 ||    10
Armor: Animal skin       |     7 |       |       |       ||     7
       Chain mail        |     9 |       |       |       ||     9
       Plate armour      |       |    90 |   251 |   136 ||   477
Dodge: Dodged            |    23 |    19 |    12 |    24 ||    78
Block: Large shield      |       |    48 |   556 |   458 ||  1062
